 Dungeon Crawl Stone Soup version 0.30.0-19-g36f170ea60 (webtiles) character file.

Game seed: 8450842563172715993

4505 Peloso the Carver (level 10, -8/86 HPs)
             Began as a Minotaur Fighter on May 28, 2023.
             Was an Initiate of Okawaru.
             Mangled by an orc knight
             ... wielding a +0 glaive
              (29 damage)
             ... in a bailey.
             The game lasted 00:22:02 (9191 turns).

Peloso the Carver (Minotaur Fighter)                Turns: 9191, Time: 00:22:02

Health: -8/86      AC: 21    Str: 29    XL:     10   Next: 16%
Magic:  9/9        EV:  7    Int:  5    God:    Okawaru [......]
Gold:   3201       SH: 11    Dex: 12    Spells: 9/9 levels left

rFire   . . .        a - +0 long sword
rCold   + . .        d - +0 buckler
rNeg    . . .        h - +0 crystal plate armour
rPois   .            (helmet restricted)
rElec   .            (no cloak)
rCorr   .            (no gloves)
SInv    .            t - +0 pair of boots
Will    .....        n - amulet of reflection Stlth
                     e - ring of protection from cold
HPRegen 0.34/turn    D - +6 ring of strength
MPRegen 0.11/turn

%: reflection
@: mighty, hasted (expiring), very quick
A: horns 2, retaliatory headbutt
a: Renounce Religion


You were in a bailey.
You worshipped Okawaru.
Okawaru was noncommittal.
You visited 2 branches of the dungeon, and saw 9 of its levels.
You also visited: Sewer and Bailey.

You collected 3269 gold pieces.
You spent 68 gold pieces at shops.

Inventory:

Hand Weapons
 a - a +0 long sword (weapon)
 b - the +6 dagger of Gluttony {freeze, Will+}
   (You found it on level 6 of the Dungeon)

   Will:      It increases your willpower.
Armour
 c - a +0 chain mail
 d - a +0 buckler (worn)
 h - a +0 crystal plate armour (worn)
 t - a +0 pair of boots (worn)
 I - a +0 crystal plate armour
Jewellery
 e - a ring of protection from cold (left hand)
 n - an amulet of reflection (around neck)
 x - an amulet of guardian spirit
 y - a ring of magical power
 C - a ring of resist corrosion
 D - a +6 ring of strength (right hand)
Wands
 u - a wand of digging (3)
Scrolls
 g - 2 scrolls of enchant armour
 i - 2 scrolls of amnesia
 k - a scroll of poison {unknown}
 l - a scroll of butterflies {unknown}
 o - 2 scrolls of fear {unknown}
 q - 3 scrolls of teleportation
 v - 2 scrolls of immolation {unknown}
 z - 2 scrolls of magic mapping
 B - 2 scrolls of fog {unknown}
Potions
 f - 2 potions of haste
 j - 2 potions of might
 m - 2 potions of mutation {unknown}
 p - a potion of resistance
 r - 4 potions of flight
 w - a potion of brilliance
 A - a potion of ambrosia
 E - a potion of cancellation {unknown}
 F - 2 potions of invisibility {unknown}
 G - a potion of experience


   Skills:
 + Level 7.6 Fighting
 + Level 10.2 Long Blades
 + Level 9.5 Armour
 + Level 3.7 Dodging
 + Level 0.5 Stealth
 + Level 9.4 Shields
 + Level 0.9 Invocations


You had 9 spell levels left.
You didn't know any spells.
Your spell library contained the following spells:

 Spells                   Type           Power      Damage    Failure   Level
 Apportation              Tloc           0%         N/A       100%        1
 Freeze                   Ice            0%         1d3       100%        1
 Necrotise                Necr           0%         1d4       100%        1
 Sandblast                Erth           0%         2d4       100%        1
 Momentum Strike          Conj/Tloc      0%         3d8       100%        2
 Passwall                 Tmut/Erth      0%         N/A       100%        2
 Frozen Ramparts          Ice            0%         1d1       100%        3
 Hailstorm                Conj/Ice       0%         3d3       100%        3
 Stone Arrow              Conj/Erth      0%         3d7       100%        3
 Vampiric Draining        Necr           0%         2d6       100%        3
 Anguish                  Hex/Necr       0%         N/A       100%        4
 Cause Fear               Hex            0%         N/A       100%        4
 Agony                    Necr           0%         N/A       100%        5
 Enfeeble                 Hex            0%         N/A       100%        7
 Summon Small Mammal      Summ           Unusable   N/A       N/A         1
 Call Canine Familiar     Summ           Unusable   N/A       N/A         3
 Summon Guardian Golem    Hex/Summ       Unusable   N/A       N/A         3

Dungeon Overview and Level Annotations

Branches:
Dungeon (8/15)             Temple (1/1) D:7           Sewer (visited)
 Bailey (1/1)
   Lair: D:8-11

Altars:
Ashenzari
Elyvilon
Fedhas
Hepliaklqana
Kikubaaqudgha
Makhleb
Nemelex Xobeh
Okawaru
Qazlal
Ru
Sif Muna
Trog
Uskayaw
Vehumet
Wu Jian
Yredelemnul

Shops:
D:7 *


Innate Abilities, Weirdness & Mutations

You have a pair of horns on your head.
You reflexively headbutt those who attack you in melee.


Message History

The orc knight roars a battlecry!
The orc knight goes into a battle-frenzy!
The orc knight roars a battlecry!
The orc knight goes into a battle-frenzy!
The orc warrior no longer looks unusually strong.
Things that are here:
a +0 halberd; a +0 chain mail
There is an open door, spattered with blood here.
Items here: ))))))) [ †††.
You start resting.
An orc warrior is nearby!
Okay, then.
You slash the orc warrior!
You kill the orc warrior!
Okawaru accepts your kill.
The orc knight hits you with a +0 trident!!
There is an open door, spattered with blood here.
Items here: )))))))) [[ †††.
Unknown command.
You feel better.
You hit the orc knight but do no damage.
You slash the orc knight!
The orc knight is lightly wounded.
The orc knight hits you from afar with a +0 glaive!
The orc knight hits you with a +0 trident!
* * * LOW HITPOINT WARNING * * *
You slash the orc knight!
The orc knight is moderately wounded.
Your extra speed is starting to run out.
You block the orc knight's attack.
The orc knight hits you with a +0 trident!!
* * * LOW HITPOINT WARNING * * *
You feel better.
You feel better. You block the orc knight's attack.
The orc knight hits you with a +0 trident.
* * * LOW HITPOINT WARNING * * *
You feel better.
The orc knight no longer looks unusually strong.
The orc knight hits you from afar with a +0 glaive!!
You die...

#......)#
#.......#
#.......#
##..)..##
###)###
#.).#
#...#
#...#
#@).#
###o###
##..o..##
#.......#
#..#8#..#
#..#.#..#
#.......#
#.......#
##.....##


You could see 2 orc knights.

Vanquished Creatures
  An orc knight (Bailey)
  2 steam dragons (D:7)
  2 water moccasins
  3 ice beasts (D:7)
  9 orc warriors
  A sky beast (D:6)
  3 ogres
  3 black bears
  3 centaurs
  A phantom (D:6)
  A kobold brigand (Sewer)
  5 bullfrogs (D:7)
  A gnoll sergeant (D:7)
  2 scorpions
  A killer bee (D:7)
  2 howler monkeys (D:8)
  2 hounds
  8 orc priests
  2 jellies (D:5)
  Jessica (D:3)
  5 iguanas
  3 orc wizards (D:7)
  4 sleepcaps
  Robin (D:4)
  4 gnolls (D:2)
  3 adders
  2 river rats
  3 white imps
  3 ufetubi
  4 worms
  A dart slug (D:2)
  40 orcs
  4 bats
  7 endoplasms
  2 giant cockroaches
  8 hobgoblins
  6 jackals
  13 kobolds
  5 quokkas
  8 ball pythons
  3 frilled lizards
  17 goblins
  11 rats
210 creatures vanquished.

Notes
Turn   | Place    | Note
-------+----------+-------------------------------------------
     0 | D:1      | Peloso the Minotaur Fighter began the quest for the Orb.
     0 | D:1      | Reached XP level 1. HP: 19/19 MP: 0/0
   225 | D:1      | Reached XP level 2. HP: 27/27 MP: 1/1
   285 | D:1      | Found a faded altar of an unknown god.
   821 | D:2      | Reached XP level 3. HP: 33/33 MP: 2/2
  1304 | D:2      | Reached skill level 3 in Long Blades
  1485 | D:2      | Reached XP level 4. HP: 37/40 MP: 3/3
  2287 | D:3      | Found a glowing drain.
  2304 | D:3      | Reached skill level 4 in Long Blades
  2304 | D:3      | Reached XP level 5. HP: 35/47 MP: 4/4
  2328 | Sewer    | Entered a sewer
  2507 | Sewer    | Reached skill level 5 in Armour
  2813 | Sewer    | Found a glowing silver altar of Zin.
  2942 | D:3      | Noticed Jessica
  2962 | D:3      | Killed Jessica
  3013 | D:3      | Got Jessica's Cyclopedia of Places
  3180 | D:3      | Noticed a centaur
  3192 | D:3      | Killed a centaur
  3193 | D:3      | Reached skill level 5 in Long Blades
  3193 | D:3      | Reached XP level 6. HP: 33/53 MP: 5/5
  3800 | D:4      | Reached skill level 5 in Shields
  3825 | D:4      | Noticed Robin
  3837 | D:4      | Killed Robin
  4419 | D:4      | Identified 3 scrolls of acquirement
  4540 | D:5      | Entered Level 5 of the Dungeon
  4549 | D:5      | Reached skill level 1 in Dodging
  4703 | D:5      | Reached skill level 5 in Fighting
  4703 | D:5      | Reached XP level 7. HP: 60/61 MP: 6/6
  4932 | D:5      | Reached skill level 6 in Long Blades
  5062 | D:5      | Reached skill level 7 in Long Blades
  5554 | D:6      | Reached XP level 8. HP: 62/69 MP: 7/7
  5906 | D:6      | Found a broken altar of Ashenzari.
  6031 | D:6      | Identified the +6 dagger of Gluttony {freeze, Will+}
  6404 | D:7      | Found a staircase to the Ecumenical Temple.
  6414 | Temple   | Entered the Ecumenical Temple
  6424 | Temple   | Became a worshipper of Warmaster Okawaru
  6544 | D:7      | Reached skill level 8 in Long Blades
  6884 | D:7      | Reached * piety under Okawaru
  6885 | D:7      | Reached XP level 9. HP: 23/78 MP: 8/8
  7150 | D:7      | Found Vyrisuh's Assorted Antiques.
  7155 | D:7      | Bought a scroll labelled IWUF HEENUBRIDGH for 34 gold
                  | pieces
  7155 | D:7      | Bought a scroll labelled ANLICS SOUDDU for 34 gold pieces
  7409 | D:7      | Reached skill level 9 in Long Blades
  8311 | D:8      | Found a flagged portal.
  8320 | Bailey   | Entered a bailey
  8322 | Bailey   | Acquired 1244 gold pieces
  8326 | Bailey   | Acquired 450 gold pieces
  8433 | Bailey   | Acquired 502 gold pieces
  8439 | Bailey   | Acquired 525 gold pieces
  9025 | Bailey   | Reached skill level 10 in Long Blades
  9095 | Bailey   | Reached XP level 10. HP: 78/86 MP: 7/9
  9130 | Bailey   | Noticed an orc knight
  9137 | Bailey   | Noticed an orc knight
  9140 | Bailey   | Noticed an orc knight
  9146 | Bailey   | Killed an orc knight
  9188 | Bailey   | HP: 3/86 [orc knight/+0 trident (19)]
  9191 | Bailey   | Mangled by an orc knight

Illustrated notes

Levels and vault maps discovered:
D:1:      amcnicky_arrival_underground_garden, layout_basic,
          dreamdust_ecumenical_altar_hidden_monk_grotto, minmay_close_crescents
D:2:      layout_basic, interstate_on_off, minmay_gold_behind_fungi,
          hangedman_abyss_or_decor_stabs, kennysheep_generic_room_9
D:3:      layout_loops_ring, portal_sewer_entry_a, kennysheep_jessica_study
D:4:      layout_basic, minmay_misc_feat_hallway, uniq_robin
D:5:      layout_gridville, grunt_ministairs_6
D:6:      layout_cave_pods, mainiacjoe_overflow_brackets
D:7:      minmay_s_stair_smasher, layout_gridville, minmay_temple_entry_grid,
          serial_shops, shop
D:8:      wad_crossroads, layout_loops_corners, zin_treasury, enter_bailey_1,
          nicolae_hexahallways
Temple:   dpeg_three_leaves_temple
Bailey:   bailey_polearm_5, bailey

Skill      XL: |  1  2  3  4  5  6  7  8  9 |
---------------+----------------------------+-----
Fighting       | 4 5 6 7 |  7.6
Shields        | 4 5 6 7 9 |  9.4
Armour         | 4 5 6 7 9 |  9.5
Long Blades    | 3 4 5 7 8 10 | 10.2
Dodging        | 1 3 |  3.7
Stealth        | |  0.5
Invocations    | |  0.9

Action                     |  1- 3 |  4- 6 |  7- 9 | 10-12 || total
---------------------------+-------+-------+-------+-------++-------
  Melee: Long sword        |    98 |   191 |   422 |    17 ||   728
         Headbutt          |    20 |    33 |   101 |     3 ||   157
 Invoke: Heroism           |       |       |     9 |     1 ||    10
    Use: Potion            |     2 |       |     3 |     9 ||    14
         Scroll            |       |     4 |     9 |       ||    13
 Armour: Scale mail        |    12 |       |       |       ||    12
         Chain mail        |    31 |    91 |   172 |       ||   294
         Crystal plate arm |       |       |    18 |     1 ||    19
  Dodge: Dodged            |    29 |    80 |   159 |     1 ||   269
  Block: Buckler           |    15 |    64 |   246 |     6 ||   331
         Reflection        |       |       |     2 |       ||     2
